Map: Vallée des cactus EC

Players

착칸염소 - Winner!

  • Race: Zerg Zerg

AgCl

  • Race: Protoss Protoss

VOD

Have the link to the VOD?

Description

Time

  • Played on: May 24, 2015, 8:03 p.m.
  • Length: 10:30
Show
View Real Time Build Order
Export as new Build Order

착칸염소 Zerg - Winner!

Build Orders: Hatch First 

Get SALT Encoding   

  12  0:01  Drone  
  13  0:08  Drone  
  14  0:17  Overlord  
  14  0:24  Drone, Extractor  
  15  0:37  Drone x2  
  17  0:46  Drone  
  18  0:59  Hatchery  
  18  1:03  Drone  
  18  1:09  Drone  
  19  1:15  Spawning Pool  
  18  1:19  Drone  
  19  1:27  Drone  
  20  1:38  Drone  
  21  1:49  Overlord  
  21  2:06  Queen  
  23  2:15  Drone x2  
  23  2:16  Drone, Queen  
  28  2:30  Drone x2  
  30  2:39  Drone x2  
  30  2:43  Hatchery  
  31  2:47  Drone  
  31  2:48  Drone  
  33  2:56  Queen  
  35  2:58  Extractor  
  35  3:00  Extractor  
  33  3:07  Drone  
  33  3:08  Drone x2  
  36  3:16  Overlord  
  36  3:17  Overlord x2  
  36  3:28  Roach Warren  
  36  3:29  Drone  
  36  3:32  Overlord  
  36  3:37  Drone x6  
  42  3:45  Lair  
  42  3:50  Drone x3  
  42  3:51  Drone  
  42  3:55  Extractor  
  45  3:57  Drone, Extractor  
  45  4:12  Drone  
  45  4:13  Drone x8  
  54  4:24  Hatchery  
  53  4:32  Zergling x4  
  53  4:33  Drone x3  
  58  4:41  Drone  
  59  4:45  Hydralisk Den  
  59  4:49  Evolution Chamber  
  59  4:50  Evolution Chamber, Spore Crawler  
  59  4:52  Spore Crawler x2  
  53  5:06  Glial Reconstitution  
  48  5:08  Burrow  
  48  5:11  Drone  
  48  5:12  Drone x6  
  53  5:23  Queen  
  53  5:27  Drone x4  
  59  5:32  Muscular Augments  
  59  5:40  Zerg Ground Armor Level 1  
  59  5:42  Zerg Missile Weapons Level 1  
  59  5:50  Drone x3, Infestation Pit  
  59  5:52  Drone  
  59  5:54  Drone  
  63  6:03  Drone x2  
  65  6:10  Drone  
  65  6:11  Drone x9  
  71  6:15  Extractor  
  71  6:16  Extractor  
  73  6:21  Hydralisk x3  
  77  6:33  Hydralisk  
  79  6:43  Overlord x3  
  75  7:01  Hydralisk x3  
  75  7:09  Roach  
  75  7:10  Roach x14  
  75  7:11  Ventral Sacs  
  100  7:19  Hydralisk, Roach x2  
  100  7:20  Roach  
  91  7:34  Hydralisk  
  91  7:35  Hydralisk x4  
  95  7:47  Hydralisk x3  
  95  7:48  Hydralisk  
  103  7:55  Drone  
  104  8:12  Overlord x4  
  104  8:21  Overlord x3  
  104  8:24  Queen  
  104  8:25  Queen  
  104  8:29  Hydralisk  
  104  8:39  Roach  
  104  8:40  Roach x6  
  113  9:00  Hydralisk x6  
  113  9:01  Hydralisk  
  115  9:11  Spore Crawler x2  
  115  9:14  Spore Crawler  
  115  9:16  Spore Crawler  
  86  9:42  Hydralisk  
  86  9:43  Hydralisk x5  
  86  9:44  Hydralisk  
  100  9:51  Hydralisk  
  76  10:16  Drone  
  76  10:17  Drone x8  
Show
View Real Time Build Order
Export as new Build Order

AgCl Protoss 

Build Orders: 1 Gate Expand, Oracle Opening, Oracle Opening 

Get SALT Encoding   

  12  0:23  Probe, Pylon  
  13  0:35  Probe  
  14  0:47  Probe  
  15  0:54  Gateway  
  15  0:59  Probe  
  16  1:11  Probe (Chrono Boost)  
  16  1:15  Assimilator  
  17  1:23  Probe (Chrono Boost)  
  18  1:32  Probe (Chrono Boost)  
  19  1:36  Nexus  
  19  1:40  Probe (Chrono Boost)  
  20  1:50  Probe (Chrono Boost)  
  21  1:57  Probe (Chrono Boost)  
  22  2:12  Pylon  
  22  2:21  Cybernetics Core  
  22  2:28  Assimilator  
  22  2:30  Probe (Chrono Boost), Assimilator  
  23  2:43  Probe (Chrono Boost)  
  24  2:51  Probe (Chrono Boost)  
  25  2:53  Probe (Chrono Boost)  
  26  3:04  Probe (Chrono Boost)  
  28  3:05  Probe (Chrono Boost)  
  28  3:06  Stargate  
  31  3:13  Mothership Core (Chrono Boost), Probe (Chrono Boost)  
  31  3:23  Pylon  
  31  3:26  Probe (Chrono Boost)  
  32  3:28  Probe (Chrono Boost)  
  34  3:35  Assimilator  
  34  3:38  Probe (Chrono Boost)  
  34  3:39  Probe (Chrono Boost)  
  34  3:40  Warp Gate (Chrono Boost)  
  35  3:44  Probe (Chrono Boost)  
  35  3:46  Probe (Chrono Boost)  
  37  3:52  Oracle (Chrono Boost)  
  37  3:55  Probe  
  41  3:57  Probe  
  42  4:09  Probe (Chrono Boost)  
  43  4:12  Probe (Chrono Boost)  
  43  4:15  Fleet Beacon  
  43  4:19  Probe (Chrono Boost)  
  43  4:21  Void Ray (Chrono Boost)  
  43  4:22  Probe (Chrono Boost)  
  49  4:26  Probe  
  50  4:32  Probe (Chrono Boost)  
  50  4:36  Gateway  
  51  4:38  Pylon  
  51  4:41  Probe (Chrono Boost)  
  52  4:50  Pylon  
  52  4:56  Probe x2 (Chrono Boost)  
  54  5:02  Carrier (Chrono Boost)  
  54  5:08  Probe x2  
  56  5:20  Probe  
  63  5:23  Probe  
  63  5:27  Pylon  
  64  5:32  Probe, Pylon  
  64  5:34  Protoss Air Weapons Level 1 (Chrono Boost)  
  65  5:35  Probe  
  65  5:37  Gateway  
  65  5:39  Stargate  
  66  5:44  Probe  
  66  5:47  Probe  
  68  5:56  Probe  
  69  5:57  Graviton Catapult (Chrono Boost)  
  69  6:01  Pylon  
  69  6:02  Probe  
  69  6:03  Carrier (Chrono Boost)  
  70  6:06  Twilight Council  
  76  6:19  Adept  
  76  6:20  Adept  
  77  6:37  Carrier (Chrono Boost)  
  77  6:41  Adept x2  
  81  6:58  Probe  
  84  7:07  Adept  
  84  7:08  Adept x2  
  88  7:13  Carrier (Chrono Boost)  
  88  7:27  Pylon  
  88  7:30  Forge  
  88  7:31  Pylon  
  88  7:33  Gateway  
  88  7:35  Pylon  
  92  7:40  Carrier (Chrono Boost)  
  80  8:00  Shield Upgrade  
  80  8:04  Protoss Ground Weapons Level 1 (Chrono Boost)  
  86  8:23  Nexus  
  86  8:24  Pylon, Carrier (Chrono Boost)  
  86  8:27  Assimilator  
  90  8:50  Adept  
  90  8:51  Adept  
  94  8:58  Carrier (Chrono Boost)  
  86  9:14  Pylon  
  84  9:18  Cybernetics Core  
  61  10:00  Nexus  
Tags
 
Add a new tag
Caveats
  • Supply blocks, unpowered buildings, or Contaminate may cause inaccurate times.
  • Supply counts are checked every 10 seconds.